 Dungeon Crawl Stone Soup version 0.28.0-45-g0d030f2227 (webtiles) character file.

Game seed: 17201910784867839719

20377 issech the Basher (level 12, -20/106 HPs)
             Began as a Troll Monk on Apr 20, 2022.
             Was an Elder of Hepliaklqana.
             Succumbed to a redback's poison
             ... on level 12 of the Dungeon.
             The game lasted 01:00:24 (11394 turns).

issech the Basher (Troll Monk)                     Turns: 11394, Time: 01:00:25

Health: -20/106    AC:  8    Str: 22    XL:     12   Next: 44%
Magic:  11/11      EV: 32    Int:  6    God:    Hepliaklqana [****..]
Gold:   1540       SH:  0    Dex: 18    Spells: 11/11 levels left

rFire   . . .      SeeInvis .   d - +3 giant spiked club (spect)
rCold   . . .      Faith    .   (shield currently unavailable)
rNeg    . . .      Spirit   .   F - +0 troll leather armour
rPois   .          Reflect  .   S - +1 hat
rElec   .          Harm     .   l - +0 cloak
rCorr   .          Rampage  .   (gloves unavailable)
Will    .....                   (boots unavailable)
Stlth   ++........              i - amulet of the acrobat
HPRegen 1.87/turn               U - ring of Egalitarianism {Fly Slay+2}
MPRegen 0.12/turn               A - +4 ring of evasion

@: lethally poisoned (-20 -> -120), acrobatic, flying, unable to read
A: reduced essence, large, unfitting armour, claws 3, regeneration 1, shaggy fur
1, tough skin 1, agile 1, inability to read while threatened
a: Renounce Religion, Recall Ancestor, Ancestor Identity, Transference, Idealise


You were on level 12 of the Dungeon.
You worshipped Hepliaklqana.
Hepliaklqana was greatly pleased with you.
You visited 2 branches of the dungeon, and saw 13 of its levels.
You also visited: Bailey.

You collected 1540 gold pieces.

Inventory:

Hand Weapons
 b - a +2 vorpal mace
 d - a +3 spectral giant spiked club (weapon)
 n - a +2 great sword
 r - a +5 spear of freezing
 x - a +2 short sword of distortion
 Q - the +8 storm bow {elec, penet}
   (You found it in a bailey)

   Any ammunition fired from it occasionally discharges a powerful burst of
   electricity upon striking a foe.
   Any ammunition fired by it passes through the targets it hits, potentially
   hitting all targets in its path until it reaches maximum range.
 W - a +2 dire flail of protection
Missiles
 e - 135 sling bullets
 f - 218 arrows
 g - 63 bolts
 h - 268 stones
 t - 27 boomerangs (quivered)
 B - 7 curare-tipped darts
 M - 21 poisoned darts
 O - 14 atropa-tipped darts
 P - 5 javelins
 T - 7 large rocks
 Y - 3 silver javelins
Armour
 l - a +0 cloak (worn)
 F - a +0 troll leather armour (worn)
 G - +0 steam dragon scales
 N - a scarf of harm
 S - a +1 hat (worn)
 Z - a +0 tower shield
Jewellery
 i - an amulet of the acrobat (around neck)
 j - an amulet of guardian spirit
 u - a ring of resist corrosion
 v - a ring of magical power
 A - a +4 ring of evasion (right claw)
 C - a ring of wizardry
 U - the ring of Egalitarianism (left claw) {Fly Slay+2}
   (You acquired it on level 7 of the Dungeon)

   [ring of flight]

   Slay:      It affects your accuracy & damage with ranged weapons and melee
   (+2).
   Fly:       It grants you flight.
Wands
 q - a wand of paralysis (21)
 y - a wand of flame (34)
 z - a wand of iceblast (7)
 R - a wand of mindburst (16)
 X - a wand of acid (7)
Scrolls
 c - a scroll of magic mapping
 k - 10 scrolls of teleportation
 D - 3 scrolls of amnesia
 E - 3 scrolls of fog
 H - 3 scrolls of blinking
 I - 2 scrolls of fear
Potions
 m - 4 potions of curing {unknown}
 o - 4 potions of mutation
 p - a potion of berserk rage {unknown}
 s - 2 potions of might {unknown}
 w - 2 potions of flight {unknown}
 J - 2 potions of attraction {unknown}
 K - 2 potions of haste {unknown}
 L - 4 potions of invisibility {unknown}
 V - 2 potions of heal wounds {unknown}
Miscellaneous
 a - a condenser vane


   Skills:
 + Level 7.4 Fighting
 + Level 2.9(3.0) Short Blades
 + Level 0.4(1.9) Long Blades
 + Level 12.2 Maces & Flails
 + Level 5.1 Bows
 + Level 5.0 Throwing
 + Level 2.4 Armour
 + Level 7.1 Dodging
 + Level 3.4 Stealth


You had 11 spell levels left.
You didn't know any spells.
Your spell library contained the following spells:

 Spells                   Type           Power      Damage    Failure   Level
 Magic Dart               Conj           0%         1d3       50%         1
 Call Imp                 Summ           0%         N/A       65%         2
 Sublimation of Blood     Necr           0%         N/A       65%         2
 Wereblood                Tmut           0%         N/A       65%         2
 Ignite Poison            Fire/Tmut/Pois 0%         N/A       86%         3
 Mephitic Cloud           Conj/Pois/Air  0%         N/A       86%         3
 Animate Armour           Summ/Erth      0%         N/A       99%         4
 Fulminant Prism          Conj/Hex       0%         3d6       99%         4
 Iskenderun's Mystic Bla  Conj/Tloc      0%         2d3       99%         4
 Passage of Golubria      Tloc           0%         N/A       99%         4
 Blade Hands              Tmut           0%         N/A       100%        5
 Freezing Cloud           Conj/Ice/Air   0%         6-21      100%        5
 Lee's Rapid Deconstruct  Erth           0%         3d5*      100%        5
 Silence                  Hex/Air        0%         N/A       100%        5
 Iron Shot                Conj/Erth      0%         9d1       100%        6
 Summon Hydra             Summ           0%         N/A       100%        7
 Lehudib's Crystal Spear  Conj/Erth      0%         10d2      100%        8


Dungeon Overview and Level Annotations

Branches:
Dungeon (12/15)            Temple (1/1) D:6            Lair (0/6) D:9
    Orc (0/2) D:11         Bailey (visited)

Altars:
Ashenzari
Cheibriados
Dithmenos
Elyvilon
Fedhas
Gozag
Hepliaklqana
Kikubaaqudgha
Makhleb
Nemelex Xobeh
Okawaru
Qazlal
Ru
Sif Muna
Trog
Uskayaw
Vehumet
Wu Jian
Xom
Yredelemnul
Zin
The Shining One
Lugonu

Shops:
D:4 !   D:5 [

Portals:
Abyss: D:7 D:9


Innate Abilities, Weirdness & Mutations

Your life essence is reduced to manifest your ancestor. (-10% HP)
You are too large for most types of armour.
You have claws for hands.
Your natural rate of healing is unusually fast.
You are covered in fur. (AC +1)
You have tough skin. (AC +1)
You are agile. (Dex +2)
You sometimes lose the ability to read scrolls when taking damage.


Message History

You impale the redback!!
You kill the redback!
The redback bites you.
You are poisoned.
The redback poisons you! The redback closely misses you. The redback bites you!
The redback bites you. The redback barely misses you. x2
The redback closely misses you. The redback bites you.
You are more poisoned.
The redback poisons you! The redback bites you.
The redback bites you but does no damage.
The redback bites you.
The redback bites you but does no damage.
Xochipepe casts a spell at the redback.
The puff of frost hits the redback.
Your Bows skill increases to level 5!
You hit the redback.
The redback is lightly wounded.
Your +3 spectral giant spiked club barely misses the redback.
You feel extremely sick.
Xochipepe is no longer moving slowly.
The redback bites you!
You feel threatened and lose the ability to read scrolls!
The redback misses you. The redback closely misses you. x4
The redback misses you. The redback barely misses you. The redback bites you!
You are lethally poisoned!
The redback poisons you! The redback bites you! The redback closely misses you.
The redback bites you!
You are more poisoned.
The redback poisons you!
Xochipepe casts a spell at the redback.
The stone arrow hits the redback!!
The redback dies!
You cannot read scrolls in your current state!
* * * LOW HITPOINT WARNING * * *
You feel extremely sick. The redback closely misses you.
The redback misses you. The redback completely misses you.
Xochipepe hits the redback with a +0 quarterstaff!!
The redback dies!
You die...

#.# #...# ##.###### .# #.#
##..# #.# .# #.#
###.)########.# #.#
#.###.#......).†..# #.#
#.##.......######## #.#
#.#.....##.# #.# #.##...###.#
##### #.# #....>##
#.#########...# #.# ###..##
#....sR@....#>#####.####
##.#####.#.s...###.....)))....#
#........#..ss## ##..#####.##.#
#..##.######### #..# #.##.#
#..##.# ### #..# #..... #..##.#
.. ...# #.##.# #..##.# .# ##.##
#....# #..##.# ##.## #.# #..###
#..##.#####...#####.# #..#


You could see the friendly Xochipepe the battlemage and 4 redbacks.

Vanquished Creatures
  A boulder beetle (D:12)
  4 two-headed ogres
  The ghost of Jingleheimer the Thaumaturge, a novice DjCj of Makhleb (D:7)
  Pikel (D:6)
  A deep elf pyromancer (D:11)
  A cyclops (D:11)
  6 centaur zombies
  A gargoyle (D:12)
  A kobold demonologist (D:12)
  2 trolls (D:9)
  2 slime creatures (D:12)
  A shadow (D:11)
  Sigmund (D:3)
  2 wyverns (D:9)
  15 yaks
  3 steam dragons
  2 basilisks (D:9)
  3 vampire mosquitoes (D:11)
  Edmund (D:6)
  A redback (D:12)
  A water moccasin (D:5)
  A hornet zombie (D:6)
  2 ice beasts
  A black bear (D:8)
  5 orc warriors
  2 centaurs
  3 necrophages
  An ogre (D:2)
  2 phantoms
  7 kobold brigands
  3 bullfrogs
  2 scorpions
  A water moccasin zombie (D:5)
  2 wights (D:8)
  2 howler monkeys
  A battlemage (D:11)
  A crimson imp (D:7)
  3 bullfrog zombies
  4 hounds
  2 centaur skeletons (D:7)
  2 gnoll shamans
  6 orc priests
  2 iguanas (D:7)
  Terence (D:1)
  8 orc wizards
  A killer bee zombie (D:9)
  A howler monkey zombie (D:10)
  10 gnolls
  8 adders
  2 shadow imps
  5 ufetubi
  An adder skeleton (D:5)
  2 worms
  3 dart slugs
  33 orcs
  9 ball pythons
  4 endoplasms
  3 giant cockroaches
  4 goblins
  4 hobgoblins
  7 jackals
  5 quokkas
  11 bats
  A frilled lizard (D:2)
  17 kobolds
  5 rats
  A lurking horror (D:9)
252 creatures vanquished.

Vanquished Creatures (collateral kills)
  Snorg (D:11)
  A two-headed ogre (D:9)
  A cyclops (D:12)
  A komodo dragon (D:12)
  6 trolls
  2 wraiths (D:12)
  5 yaks
  3 wyverns
  2 redbacks (D:12)
  An orc warrior (D:11)
  An ice beast (D:8)
  A centaur (D:9)
  A wight (D:8)
  An orc wizard (D:8)
  A gnoll (D:8)
  4 orcs
  A kobold (D:12)
33 creatures vanquished.

Vanquished Creatures (others)
  2 battlemagi
2 creatures vanquished.

Grand Total: 287 creatures vanquished

Notes
Turn   | Place    | Note
-------+----------+-------------------------------------------
     0 | D:1      | issech the Troll Monk began the quest for the Orb.
     0 | D:1      | Reached XP level 1. HP: 22/22 MP: 0/0
   123 | D:1      | Reached XP level 2. HP: 29/29 MP: 1/1
   195 | D:1      | Reached skill level 3 in Maces & Flails
   632 | D:1      | Reached XP level 3. HP: 36/36 MP: 2/2
   947 | D:1      | Found a faded altar of an unknown god.
  1107 | D:2      | Noticed Terence
  1205 | D:1      | HP: 1/36 [Terence/puff of flame (5)]
  1318 | D:1      | Reached skill level 1 in Short Blades
  1318 | D:1      | Reached XP level 4. HP: 31/44 MP: 3/3
  1361 | D:2      | HP: 2/44 [gnoll/+0 spear (9)]
  1549 | D:2      | Noticed an ogre
  1575 | D:2      | Killed an ogre
  1576 | D:2      | Reached XP level 5. HP: 37/53 MP: 4/4
  2157 | D:3      | Reached XP level 6. HP: 34/61 MP: 5/5
  2505 | D:3      | Noticed Sigmund
  2516 | D:3      | Killed Sigmund
  2517 | D:3      | Reached XP level 7. HP: 64/67 MP: 6/6
  2767 | D:1      | Killed Terence
  2849 | D:4      | Reached skill level 4 in Maces & Flails
  2849 | D:4      | Reached skill level 1 in Throwing
  3056 | D:4      | Found Qentobb's Distillery.
  3690 | D:5      | Entered Level 5 of the Dungeon
  3753 | D:5      | Reached skill level 5 in Maces & Flails
  3778 | D:5      | Reached XP level 8. HP: 78/78 MP: 7/7
  4592 | D:5      | Found Keqoohyu's Antique Armour Shop.
  4666 | D:5      | Identified a scroll of acquirement
  4774 | D:7      | Found a flagged portal.
  4784 | D:7      | Acquired a +1 spectral giant spiked club
  4798 | Bailey   | Entered a bailey
  4829 | Bailey   | Reached skill level 5 in Dodging
  4835 | Bailey   | Reached skill level 6 in Maces & Flails
  5452 | Bailey   | Found the +8 storm bow {elec, penet}
  5454 | Bailey   | Found an iron altar of Okawaru.
  5522 | D:7      | Reached XP level 9. HP: 85/85 MP: 8/8
  5553 | D:7      | Found a one-way gate to the infinite horrors of the Abyss.
  5553 | D:7      | Noticed Jingleheimer's ghost (novice DjCj)
  5555 | D:7      | Found a transporter.
  5706 | D:7      | Acquired the ring of Egalitarianism {Fly Slay+2}
  5800 | D:7      | Identified the +0 scale mail "Ytudgh" {Harm Rampage Dex-2}
  5907 | D:6      | Noticed Edmund
  5925 | D:6      | Killed Edmund
  5926 | D:6      | Reached skill level 7 in Maces & Flails
  5936 | D:6      | Noticed Pikel
  5943 | D:6      | Killed Pikel
  5944 | D:6      | Reached skill level 5 in Fighting
  5944 | D:6      | Reached skill level 8 in Maces & Flails
  6247 | D:6      | Found an ancient bone altar of Kikubaaqudgha.
  6387 | D:6      | Noticed a two-headed ogre
  6395 | D:6      | Killed a two-headed ogre
  6396 | D:6      | Reached XP level 10. HP: 83/96 MP: 9/9
  6629 | D:6      | Found a staircase to the Ecumenical Temple.
  6636 | Temple   | Entered the Ecumenical Temple
  6914 | Temple   | Became a worshipper of Hepliaklqana the Forgotten
  6914 | Temple   | Reached * piety under Hepliaklqana
  6914 | Temple   | Reached ** piety under Hepliaklqana
  6916 | Temple   | Remembered your ancestor Xochipepe as a battlemage
  7291 | D:7      | Found a transporter.
  7303 | D:7      | Killed Jingleheimer's ghost
  7304 | D:7      | Reached skill level 9 in Maces & Flails
  7417 | D:7      | Identified the +5 leather armour "Amazurgh" {Stlth+}
  7809 | D:8      | Noticed a two-headed ogre
  7816 | D:8      | Killed a two-headed ogre
  7817 | D:8      | Reached skill level 10 in Maces & Flails
  7819 | D:8      | Identified the +5 chain mail of the Worm {rPois}
  8476 | D:9      | Found a corrupted altar of Lugonu.
  8610 | D:9      | Reached skill level 1 in Bows
  8612 | D:9      | Reached XP level 11. HP: 85/94 MP: 10/10
  9036 | D:9      | Found a staircase to the Lair.
  9111 | D:9      | Noticed a two-headed ogre
  9117 | D:9      | Killed a two-headed ogre
  9190 | D:9      | Reached *** piety under Hepliaklqana
  9311 | D:10     | Entered Level 10 of the Dungeon
  9415 | D:10     | Reached skill level 1 in Armour
  9538 | D:10     | Noticed a two-headed ogre
  9543 | D:10     | Killed a two-headed ogre
  9544 | D:10     | Reached skill level 11 in Maces & Flails
 10046 | D:11     | Found a staircase to the Orcish Mines.
 10187 | D:11     | Noticed Snorg
 10195 | D:11     | Killed Snorg
 10215 | D:11     | Reached skill level 5 in Throwing
 10474 | D:11     | Noticed a deep elf pyromancer
 10483 | D:11     | Killed a deep elf pyromancer
 10484 | D:11     | Reached XP level 12. HP: 57/103 MP: 11/11
 11081 | D:12     | Noticed a two-headed ogre
 11087 | D:12     | Killed a two-headed ogre
 11088 | D:12     | Reached skill level 12 in Maces & Flails
 11188 | D:12     | Noticed a boulder beetle
 11192 | D:12     | Killed a boulder beetle
 11256 | D:12     | Gained mutation: You sometimes lose the ability to read
                  | scrolls when taking damage. [potion of mutation]
 11256 | D:12     | Gained mutation: You are agile. (Dex +2) [potion of
                  | mutation]
 11311 | D:12     | Reached **** piety under Hepliaklqana
 11392 | D:12     | Reached skill level 5 in Bows
 11393 | D:12     | HP: 4/106 [poisoned by a redback]
 11394 | D:12     | Succumbed to a redback's poison

Illustrated notes

Levels and vault maps discovered:
D:1:      psy_arrival_spokes, layout_basic,
          shapermc_ecumenical_altar_mp_vishouse, minmay_parallelograms,
          minmay_small_reverse_x
D:2:      layout_basic, st_stairs_1, kennysheep_cluttered_room, uniq_terence
D:3:      layout_basic, uniq_sigmund
D:4:      layout_cave_pods, serial_shops, shop, minmay_door_square,
          kennysheep_nondescript
D:5:      layout_basic, serial_shops, kennysheep_mini, dk_vineyard_1
D:6:      layout_loops_cross, mainiacjoe_overflow_six_doors_small,
          minmay_temple_entry_butterflies, uniq_pikel, uniq_edmund
D:7:      layout_basic, gammafunk_ghost_abyssal_escape, enter_bailey_6,
          enter_ossuary_1, dk_noncrumbling_3
D:8:      layout_basic
D:9:      lemuel_troll_bridge, layout_rooms, erik_lair_dragon,
          amcnicky_altar_lugonu_corruption
D:10:     layout_rooms
D:11:     layout_basic, orc_0_dummy, hex_intersection, uniq_snorg
D:12:     layout_loops_ring, drop_trap, bh_walls_and_bars
Temple:   mainiacjoe_temple_archimedes_tessellation

Skill      XL: |  1  2  3  4  5  6  7  8  9 10 11 12 |
---------------+-------------------------------------+-----
Maces & Flails | 3 5 6 8 10 11 12 | 12.2
Dodging        | 3 4 5 6 7 |  7.1
Short Blades   | 1 2 |  2.9
Fighting       | 3 4 5 6 7 |  7.4
Throwing       | 2 3 4 5 |  5.0
Stealth        | 2 3 |  3.4
Bows           | 1 4 5 |  5.1
Armour         | 2 |  2.4
Long Blades    | |  0.4

Action                   |  1- 3 |  4- 6 |  7- 9 | 10-12 || total
-------------------------+-------+-------+-------+-------++-------
Melee: Mace              |    42 |    30 |   171 |       ||   243
       Punch             |     1 |     2 |     4 |       ||     7
       Short sword       |    77 |    42 |       |       ||   119
       Dagger            |       |    42 |       |       ||    42
       Giant spiked club |       |       |    76 |   112 ||   188
       Great sword       |       |       |       |     3 ||     3
 Fire: Longbow           |       |       |       |    98 ||    98
Throw: Boomerang         |       |    13 |    56 |     7 ||    76
Invok: Ancestor Life: Ba |       |       |       |     1 ||     1
  Use: Scroll            |       |       |    11 |     5 ||    16
       Potion            |       |       |       |     4 ||     4
 Stab: Sleeping          |     1 |       |     1 |     2 ||     4
       Distracted        |       |       |     1 |       ||     1
Armor: Robe              |    62 |    56 |    70 |     7 ||   195
       Troll leather arm |       |       |       |    20 ||    20
Dodge: Dodged            |   119 |   101 |   236 |   139 ||   595
